 Dungeon Crawl Stone Soup version 0.26-a0-810-ge1a9524b62 (webtiles) character file.

Game seed: 16479305038774297753

170 mattiecakes the Covered (level 5, 0/33 HPs)
             Began as a Gargoyle Fighter on Nov 13, 2020.
             Was an Initiate of Okawaru.
             Slain by a goblin
             ... wielding a +0 club
              (1 damage)
             ... on level 3 of the Dungeon.
             The game lasted 00:04:45 (1621 turns).

mattiecakes the Covered (Gargoyle Fighter)          Turns: 1621, Time: 00:04:45

Health: 0/33       AC: 11    Str: 20    XL:     5   Next: 51%
Magic:  5/5        EV:  8    Int:  9    God:    Okawaru [......]
Gold:   105        SH:  9    Dex:  9    Spells: 4/4 levels left

rFire    . . .     SeeInvis .   a - +0 war axe
rCold    . . .     Faith    .   c - +0 kite shield
rNeg     + . .     Spirit   .   b - +0 scale mail
rPois    ∞         Reflect  .   (no helmet)
rElec    +         Harm     .   (no cloak)
rCorr    .         Rampage  .   (no gloves)
MR       .....                  (no boots)
Stlth    ..........             (no amulet)
HPRegen  0.11/turn              (no ring)
MPRegen  0.09/turn              (no ring)

@: mighty
A: negative energy resistance 1, electricity resistance, unbreathing,
petrification resistance, rot immunity, AC +4
a: Renounce Religion


You were on level 3 of the Dungeon.
You worshipped Okawaru.
Okawaru was noncommittal.
You visited 1 branch of the dungeon, and saw 3 of its levels.

You collected 105 gold pieces.

Inventory:

Hand Weapons
 a - a +0 war axe (weapon)
Armour
 b - a +0 scale mail (worn)
 c - a +0 kite shield (worn)
 o - a cursed +0 chain mail
Jewellery
 l - a +6 ring of dexterity
Wands
 m - a wand of polymorph (12)
Scrolls
 f - 3 scrolls of remove curse {unknown}
 i - 3 scrolls of identify {unknown}
 k - a scroll of enchant weapon {unknown}
 n - a scroll of amnesia {unknown}
Potions
 e - 2 potions of ambrosia {unknown}
 g - 4 potions of curing {unknown}
 h - a potion of resistance {unknown}
 j - a potion of lignification {unknown}
 p - a potion of heal wounds {unknown}
 q - a potion of berserk rage {unknown}


   Skills:
 + Level 4.1 Fighting
 + Level 2.6 Axes
 + Level 4.1 Armour
 + Level 1.5 Dodging
 + Level 4.0 Shields
 + Level 1.2 Invocations


You had 4 spell levels left.
You didn't know any spells.
Your spell library was empty.

Dungeon Overview and Level Annotations

Branches:
Dungeon (3/15)

Altars:
Makhleb
Okawaru
Ru


Innate Abilities, Weirdness & Mutations

You are resistant to torment.
Your stone body is resilient. (AC +4)
You are immune to poison.
You resist negative energy. (rN+)
You are resistant to electric shocks. (rElec)
You can survive without breathing.
You are immune to petrification.
You are immune to rotting.


Message History

Okawaru accepts your kill.
You barely miss the orc. The orc priest barely misses you.
The orc hits you but does no damage.
The orc priest hits you but does no damage.
You block the goblin's attack.
Unknown command.
Unknown command.
You barely miss the orc priest.
The orc priest is lightly wounded.
You slash the orc!
You kill the orc!
Okawaru accepts your kill.
You closely miss the goblin.
The orc wizard gestures wildly while chanting.
The orc wizard flickers and vanishes!
Deactivating autopickup; reactivate with Ctrl-A.
The orc priest hits you with a cursed -2 whip.
* * * LOW HITPOINT WARNING * * *
The goblin hits you with a +0 club.
You die...

#### ..# # #)# ###
#######.###### #..
#............### ##.#
#.$..>.....)...######...
#.#####.#.##............
#.#####.)#..........#...
#.....)@o.####.####.##.#
....###g#.# #.# #.(...
.. #o#.# #.# #....#
.{#.####.####..### ##.#
...........# #.#
####.......# ...
######.## .#. #.# #.#


You could see an orc priest, an orc and a goblin.

Vanquished Creatures
  A hound (D:2)
  Jessica (D:2)
  3 adders (D:2)
  An ooze (D:1)
  A worm (D:2)
  2 dart slugs (D:1)
  3 leopard geckos
  3 orcs (D:3)
  7 bats
  3 giant cockroaches (D:2)
  10 goblins
  8 hobgoblins
  6 jackals (D:2)
  8 kobolds
  7 frilled lizards
  6 rats
70 creatures vanquished.

Vanquished Creatures (others)
  A fungus (D:2)
  7 plants (D:2)
8 creatures vanquished.

Grand Total: 78 creatures vanquished

Notes
Turn   | Place    | Note
-------+----------+-------------------------------------------
     0 | D:1      | mattiecakes the Gargoyle Fighter began the quest for the
                  | Orb.
     0 | D:1      | Reached XP level 1. HP: 14/14 MP: 1/1
    48 | D:1      | Reached XP level 2. HP: 17/19 MP: 2/2
   260 | D:1      | Reached XP level 3. HP: 22/23 MP: 3/3
   843 | D:2      | Reached skill level 1 in Dodging
   911 | D:2      | Reached XP level 4. HP: 29/29 MP: 4/4
  1012 | D:2      | Found an iron altar of Okawaru.
  1039 | D:2      | Became a worshipper of Warmaster Okawaru
  1076 | D:2      | Found a burning altar of Makhleb.
  1206 | D:2      | Reached XP level 5. HP: 26/33 MP: 5/5
  1347 | D:2      | Found a sacrificial altar of Ru.
  1434 | D:2      | Noticed Jessica
  1440 | D:2      | Killed Jessica
  1440 | D:2      | Reached skill level 1 in Invocations
  1532 | D:3      | Found a faded altar of an unknown god.
  1621 | D:3      | HP: 1/33 [orc priest/cursed -2 whip (1)]
  1621 | D:3      | Slain by a goblin

Illustrated notes

Levels and vault maps discovered:
D:1:      dpeg_arrival_morbid_curiosity, layout_basic, st_stairs_14
D:2:      layout_rooms, nicolae_ru_the_path_less_chosen,
          okawaru_metal_pillars_1_2, makhleb_blood_cavern_becter, uniq_jessica
D:3:      layout_loops_ring, yredelemnul_altar_generic,
          chequers_ecumenical_altar_simple_redux

Skill      XL: |  1  2  3  4  5 |
---------------+----------------+-----
Axes           | 2 |  2.6
Dodging        | 1 |  1.5
Armour         | 4 |  4.1
Fighting       | 4 |  4.1
Shields        | 4 |  4.0
Invocations    | 1 |  1.2

Action                   |  1- 3 |  4- 6 || total
-------------------------+-------+-------++-------
Melee: War axe           |   140 |   112 ||   252
  Use: Potion            |       |     1 ||     1
Armor: Scale mail        |   100 |    53 ||   153
Dodge: Dodged            |    51 |    40 ||    91
Block: Kite shield       |    74 |    60 ||   134

Table legend: (Time is in decaauts)
 A = Elapsed time spent in this place.
 B = Non-inter-level travel time spent in this place.
 C = Inter-level travel time spent in this place.
 D = Time resting spent in this place.
 E = Time spent auto-exploring this place.
 F = Levels seen in this place.
 G = Mean time per level.
                   A        B        C        D        E       F      G
               +--------+--------+--------+--------+--------+-----+--------+
         Total |   1739 |   1661 |     78 |      0 |   1126 |   3 |  579.7 |
       Dungeon |   1739 |   1661 |     78 |      0 |   1126 |   3 |  579.7 |
               +--------+--------+--------+--------+--------+-----+--------+

Top non-repeatable levels by time:
     D:1: 861 daAuts
     D:2: 775 daAuts
     D:3: 102 daAuts
